 Dungeon Crawl Stone Soup version 0.20.1-1-g8b1a95d (webtiles) character file.

130 arttle the Unweaver (level 4, 0/35 HPs)
             Began as a Demonspawn Abyssal Knight on Nov 3, 2017.
             Was a Follower of Lugonu.
             Slain by an orc priest
             ... wielding a +0 falchion of freezing
              (2 damage)
             ... on level 4 of the Dungeon.
             The game lasted 00:11:14 (2698 turns).

arttle the Unweaver (Demonspawn Abyssal Knight)     Turns: 2698, Time: 00:11:15

Health: 0/35       AC:  4    Str: 14    XL:     4   Next: 90%
Magic:  6/6        EV: 11    Int: 11    God:    Lugonu [*.....]
Gold:   191        SH:  0    Dex: 12    Spells: 3/3 levels left

rFire    . . .     SeeInvis .   n - +1 whip (distort)
rCold    . . .     Gourm    .   (no shield)
rNeg     . . .     Faith    .   b - +0 leather armour
rPois    +         Spirit   .   (helmet restricted)
rElec    .         Reflect  .   (no cloak)
rCorr    .         Harm     .   i - +0 pair of gloves
MR       +....                  (no boots)
Stlth    +.........             (no amulet)
Regen    0.2/turn               e - ring of flight
MPRegen  0.1/turn               (no ring)

@: no status effects
A: horns 1, dopey 1, low mp 1, magic resistance 1, poison resistance
a: Depart the Abyss, Renounce Religion, Evoke Flight


You were on level 4 of the Dungeon.
You worshipped Lugonu.
Lugonu was aware of your devotion.
You were not hungry.

You visited 1 branch of the dungeon, and saw 4 of its levels.
You visited the Abyss 1 time.

You collected 191 gold pieces.

Inventory:

Hand Weapons
 a - a +1 mace
 n - a +1 whip of distortion (weapon)
Armour
 b - a +0 leather armour (worn)
 i - a +0 pair of gloves (worn)
Jewellery
 e - a ring of flight (left hand)
Scrolls
 g - 4 scrolls of identify {unknown}
 l - 2 scrolls of recharging {unknown}
 m - 4 scrolls of remove curse {unknown}
 r - a scroll of magic mapping {unknown}
Potions
 f - 2 potions of mutation
 j - 3 potions of curing {unknown}
 k - 2 potions of lignification {unknown}
 p - a potion of degeneration {unknown}
 q - a potion of magic
Comestibles
 c - a bread ration
 d - a royal jelly
 h - 5 meat rations


   Skills:
 - Level 3.0 Fighting
 + Level 3.6 Maces & Flails
 - Level 1.7 Armour
 - Level 0.8 Dodging
 + Level 4.7 Invocations


You had 3 spell levels left.
You didn't know any spells.

Dungeon Overview and Level Annotations

Branches:
Dungeon (4/15)
 Temple: D:4-7

Altars:
Uskayaw
Zin


Innate Abilities, Weirdness & Mutations

You have a pair of small horns on your head.
You are dopey. (Int -2)
Your magical capacity is low. (-10% MP)
You are resistant to hostile enchantments. (MR+)
Your system is resistant to poisons. (rPois)


Message History

The orc priest calls upon Beogh to heal the orc.
The orc's wounds heal themselves!
The orc hits you but does no damage.
You hit the orc.
Space bends around the orc.
The orc is severely wounded.
The orc hits you from afar with a trident of piercing.
The orc priest calls down the wrath of Beogh upon you.
Beogh smites you! The orc closely misses you.
You hit the orc.
Space bends around the orc.
You kill the orc!
Lugonu accepts your kill.
The orc priest looks braver for a moment.
The orc barely misses you.
You barely miss the orc priest. The orc priest barely misses you.
The orc hits you from afar with a trident of piercing!
* * * LOW HITPOINT WARNING * * *
x2 You barely miss the orc priest.
The orc priest hits you with a falchion of freezing.
* * * LOW HITPOINT WARNING * * *
The orc priest freezes you.
You die...

#..........# #......
#..........# .......
######..........# .......
................##.......
.................#.......
.........................
.........................
..).............##..$....
.........######.@ooo..[..
........## ####o......
.........# .......
.......#.. .......
######.# # #.o.... ... ..
.8 .


You could see 3 orc priests and an orc.

Vanquished Creatures
  Jessica (D:3)
  4 adders (D:3)
  An ooze (D:1)
  A worm (D:2)
  A dart slug (D:2)
  3 leopard geckos
  3 orcs
  A ball python (D:3)
  A giant cockroach (D:3)
  8 goblins
  2 hobgoblins
  6 jackals
  A quokka (D:3)
  4 bats
  5 frilled lizards
  8 kobolds
  A leopard gecko zombie (D:3)
  4 rats
55 creatures vanquished.

Vanquished Creatures (others)
  A quokka (D:3)
1 creature vanquished.

Grand Total: 56 creatures vanquished

Notes
Turn   | Place    | Note
-------+----------+-------------------------------------------
     0 | Abyss:1  | arttle the Demonspawn Abyssal Knight began the quest for the Orb.
     0 | Abyss:1  | Reached XP level 1. HP: 18/18 MP: 2/2
     0 | D:1      | Escaped the Abyss
   209 | D:1      | Gained mutation: You are agile. (Dex +2) [potion of mutation]
   209 | D:1      | Gained mutation: You have sharp fingernails. [potion of mutation]
   209 | D:1      | Gained mutation: You possess an exceptional clarity of mind. [potion of mutation]
   355 | D:1      | Gained mutation: You have a pair of small horns on your head. [demonic ancestry]
   355 | D:1      | Reached XP level 2. HP: 10/24 MP: 4/4
   584 | D:1      | Reached skill level 3 in Invocations
   630 | D:1      | Reached * piety under Lugonu
   797 | D:2      | Lost mutation: You possess an exceptional clarity of mind. [potion of mutation]
   797 | D:2      | Lost mutation: You have sharp fingernails. [potion of mutation]
   797 | D:2      | Lost mutation: You are agile. (Dex +2) [potion of mutation]
   797 | D:2      | Gained mutation: Your system is resistant to poisons. (rPois) [potion of mutation]
   797 | D:2      | Gained mutation: You are dopey. (Int -2) [potion of mutation]
   797 | D:2      | Gained mutation: Your magical capacity is low. (-10% MP) [potion of mutation]
   797 | D:2      | Gained mutation: You are resistant to hostile enchantments. (MR+) [potion of mutation]
   860 | D:2      | Found a glowing silver altar of Zin.
  1367 | D:2      | Reached XP level 3. HP: 20/29 MP: 5/5
  1791 | D:3      | Noticed a hand axe
  1792 | D:3      | Noticed a hand axe
  1795 | D:3      | Found a hide-covered altar of Uskayaw.
  1960 | D:3      | Reached skill level 4 in Invocations
  2193 | D:3      | Reached XP level 4. HP: 34/35 MP: 6/6
  2382 | D:3      | Noticed Jessica
  2391 | D:3      | Killed Jessica
  2698 | D:4      | Slain by an orc priest

Skill      XL: |  1  2  3 |
---------------+----------+-----
Maces & Flails | 2 3 |  3.6
Invocations    | 3 4 |  4.7
Fighting       | |  3.0
Armour         | |  1.7
Dodging        | |  0.8

Action                   |  1- 3 |  4- 6 || total
-------------------------+-------+-------++-------
Melee: Mace              |    61 |       ||    61
       Headbutt          |    10 |     5 ||    15
       Whip              |    46 |    30 ||    76
Invok: Depart the Abyss  |     1 |       ||     1
  Use: Potion            |     3 |       ||     3
  Eat: Chunk             |     4 |     2 ||     6
Armor: Leather armour    |    28 |     4 ||    32
Dodge: Dodged            |    40 |    12 ||    52
